 Dungeon Crawl Stone Soup version 0.25.1-3-ge44b62a0b3 (webtiles) character file.

Game seed: 14530282717678224226

49 Mrkan the Covered (level 3, -7/33 HPs)
             Began as a Minotaur Fighter on Nov 22, 2020.
             Was an Initiate of Wu Jian.
             Mangled by an ice beast (11 damage)
             ... on level 2 of the Dungeon.
             The game lasted 00:01:19 (1234 turns).

Mrkan the Covered (Minotaur Fighter)                Turns: 1234, Time: 00:01:21

Health: -7/33      AC:  7    Str: 21    XL:     3   Next: 51%
Magic:  2/2        EV:  7    Int:  5    God:    Wu Jian [......]
Gold:   67         SH:  9    Dex:  9    Spells: 2/2 levels left

rFire    . . .     SeeInvis .   a - +0 war axe
rCold    . . .     Gourm    .   c - +0 kite shield
rNeg     . . .     Faith    .   b - +0 scale mail
rPois    .         Spirit   .   (helmet restricted)
rElec    .         Reflect  .   (no cloak)
rCorr    .         Harm     .   (no gloves)
MR       .....                  (no boots)
Stlth    ..........             (no amulet)
HPRegen  0.11/turn              (no ring)
MPRegen  0.08/turn              (no ring)

@: mighty
A: retaliatory headbutt, horns 2
a: Renounce Religion


You were on level 2 of the Dungeon.
You worshipped Wu Jian.
Wu Jian was noncommittal.
You were not hungry.

You visited 1 branch of the dungeon, and saw 2 of its levels.

You collected 67 gold pieces.

Inventory:

Hand Weapons
 a - a +0 war axe (weapon)
Armour
 b - a +0 scale mail (worn)
 c - a +0 kite shield (worn)
 m - a +0 cloak
Scrolls
 g - 2 scrolls of remove curse {unknown}
 i - a scroll of identify {unknown}
 j - a scroll of teleportation {unknown}
 k - a scroll of immolation {unknown}
 l - a scroll of enchant armour {unknown}
Potions
 e - 4 potions of curing {unknown}
 n - a potion of ambrosia {unknown}
Comestibles
 f - 6 rations
 h - 7 chunks of flesh


   Skills:
 + Level 4.0 Fighting
 * Level 3.6 Axes
 + Level 4.1 Armour
 + Level 4.1 Shields


You had 2 spell levels left.
You didn't know any spells.
Your spell library was empty.

Dungeon Overview and Level Annotations

Branches:
Dungeon (2/15)

Altars:
Wu Jian


Innate Abilities, Weirdness & Mutations

You reflexively headbutt those who attack you in melee.
You have a pair of horns on your head.


Message History

You block the ice beast's attack. The ice beast barely misses you.
You hit the ice beast.
The ice beast is heavily wounded.
The ice beast hits you but does no damage.
Your shield prevents you from hitting the ice beast.
The ice beast is heavily wounded.
The ice beast barely misses you.
The ice beast hits you but does no damage.
You feel very mighty all of a sudden.
The ice beast hits you but does no damage.
You barely miss the ice beast.
The ice beast is heavily wounded.
The ice beast hits you but does no damage.
You hit the ice beast.
You headbutt the ice beast, but do no damage.
The ice beast is severely wounded.
The ice beast hits you.
* * * LOW HITPOINT WARNING * * *
The ice beast freezes you!
You die...

#.....)###.##.# #.#
#############.# #.#
............(.#### #.#
#...#...#...#....# ##.#
........รท)(...##.#
##..# #...#...#...####(#
##.#.## .............#
#.# ##.###[####
################.###
#.## ##....
......Y@..#####.###.####
..#####..........#.## #
#.#.#######.## #.#.# #.#
..#.# #.# #.# # #.# #.#
#.# #.# #.# #.# #.#


You could see an ice beast.

Vanquished Creatures
  An adder (D:2)
  An ooze (D:1)
  A worm (D:2)
  A leopard gecko (D:2)
  2 bats (D:1)
  A giant cockroach (D:1)
  6 hobgoblins
  2 jackals (D:1)
  4 kobolds
  A quokka (D:2)
  4 frilled lizards
  4 goblins
28 creatures vanquished.

Notes
Turn   | Place    | Note
-------+----------+-------------------------------------------
     0 | D:1      | Mrkan the Minotaur Fighter began the quest for the Orb.
     0 | D:1      | Reached XP level 1. HP: 19/19 MP: 0/0
   236 | D:1      | Reached XP level 2. HP: 17/27 MP: 1/1
   880 | D:2      | Reached XP level 3. HP: 33/33 MP: 2/2
   949 | D:2      | Found a faded altar of an unknown god.
  1137 | D:2      | Found an ornate altar of the Wu Jian Council.
  1145 | D:2      | Became a worshipper of the Wu Jian Council
  1218 | D:2      | Noticed an ice beast
  1234 | D:2      | Mangled by an ice beast

Illustrated notes

Levels and vault maps discovered:
D:1:      dpeg_arrival_simpleton_b, layout_loops_cross
D:2:      layout_loops_ring, lemuel_coloured_pillars_altar, marbit_many_paths,
          chequers_ecumenical_altar_simple

Skill      XL: |  1  2  3 |
---------------+----------+-----
Axes           | 3 |  3.6
Shields        | 4 |  4.1
Fighting       | 4 |  4.0
Armour         | 4 |  4.1

Action                   || total
-------------------------++-------
Melee: War axe           ||    97
       Headbutt          ||     7
Invok: Lunge             ||     1
  Use: Potion            ||     1
  Eat: Chunk             ||     1
Armor: Scale mail        ||    49
Dodge: Dodged            ||    28
Block: Kite shield       ||    60
